 Dungeon Crawl Stone Soup version 0.32-a0-350-g4f4d228785 (webtiles) character file.

Game seed: 13852210158133107993

1398 timneilson the Ruffian (level 8, -3/54 HPs)
             Began as an Octopode Shapeshifter on Feb 17, 2024.
             Succumbed to Duvessa's poison
             ... on level 7 of the Dungeon.
             The game lasted 00:10:14 (5035 turns).

timneilson the Ruffian (Octopode Shapeshifter)      Turns: 5035, Time: 00:10:15

Health: -3/54      AC:  1    Str: 21    XL:     8   Next: 69%
Magic:  8/8        EV: 14    Int: 12    God:
Gold:   326        SH:  0    Dex: 12    Spells: 7/7 levels left

rFire   + .          .
                       - Unarmed
rCold   . . .        (no shield)
rNeg    . . .        (helmet currently unavailable)
rPois   .            (no amulet)
rElec   .            l - +6 ring of strength
rCorr   .            v - ring of protection from fire
SInv    .            (no ring)
Will    .....        (no ring)
Stlth   ++++         (no ring)
HPRegen 0.29/turn    (no ring)
MPRegen 0.11/turn    (no ring)
                     (no ring)

%: no passive effects
@: lethally poisoned (-3 -> -47), beast-form, hasted, very quick
A: beast (slay +3), almost no armour, amphibious, 8 rings, camouflage 1,
gelatinous body 1, (nimble swimmer 1), tentacles
a: Begin Untransformation


You were on level 7 of the Dungeon.
You were a hulking beast.
You visited 1 branch of the dungeon, and saw 7 of its levels.

You collected 326 gold pieces.

Inventory:

Missiles
 i - 10 poisoned darts (quivered)
Jewellery
 k - a ring of ice
 l - a +6 ring of strength (left tentacle)
 v - a ring of protection from fire (right tentacle)
 y - a +6 ring of dexterity
Talismans
 b - a beast talisman (active)
 c - a flux talisman
Wands
 q - a wand of roots (2)
 x - a wand of flame (30)
Scrolls
 j - a scroll of enchant weapon
 n - 3 scrolls of enchant armour
 u - a scroll of summoning
 w - a scroll of blinking
 z - a scroll of brand weapon {unknown}
Potions
 a - 3 potions of lignification
 d - a potion of degeneration {unknown}
 e - a potion of mutation {unknown}
 f - a potion of might {unknown}
 g - a potion of haste
 m - 2 potions of ambrosia {unknown}
 o - a potion of berserk rage {unknown}
 p - 2 potions of invisibility {unknown}
 r - a potion of attraction {unknown}
 s - 2 potions of curing {unknown}
 t - 2 potions of enlightenment {unknown}


   Skills:
 * Level 4.7 Fighting
 * Level 5.0 Dodging
 + Level 4.7 Stealth
 * Level 5.5 Unarmed Combat
 + Level 2.3 Evocations
 * Level 5.2 Shapeshifting


You had 7 spell levels left.
You didn't know any spells.
Your spell library contained the following spells:

 Spells                   Type           Power      Damage    Failure   Level
 Freeze                   Ice            0%         1d3       32%         1
 Slow                     Hex            0%         N/A       32%         1
 Summon Small Mammal      Summ           0%         N/A       32%         1
 Blink                    Tloc           0%         N/A       45%         2
 Ensorcelled Hibernation  Hex/Ice        0%         N/A       45%         2
 Lesser Beckoning         Tloc           0%         N/A       45%         2
 Momentum Strike          Conj/Tloc      0%         3d8       45%         2
 Scorch                   Fire           0%         2d5       45%         2
 Call Canine Familiar     Summ           0%         N/A       69%         3
 Confusing Touch          Hex            0%         N/A       69%         3
 Frozen Ramparts          Ice            0%         1d1       69%         3
 Fugue of the Fallen      Necr           0%         N/A       69%         3
 Hailstorm                Conj/Ice       0%         3d5       69%         3
 Sigil of Binding         Hex            0%         N/A       69%         3
 Vampiric Draining        Necr           0%         2d6       69%         3
 Anguish                  Hex/Necr       0%         N/A       97%         4
 Flame Wave               Conj/Fire      0%         2d4       97%         4
 Summon Blazeheart Golem  Fire/Summ      0%         N/A       97%         4
 Summon Cactus Giant      Summ           0%         N/A       100%        6


Dungeon Overview and Level Annotations

Branches:
Dungeon (7/15)
 Temple: D:4-7

Altars:
Dithmenos
Sif Muna
Vehumet
Wu Jian
Xom

Shops:
D:2 :   D:3 *

Annotations:
D:5 exclusion: statue
D:7 Duvessa


Innate Abilities, Weirdness & Mutations

You are a hulking beast.
Your limbs bulge with bestial killing power. (Slay +3)
You cannot wear most types of armour.
You are amphibious.
You can wear up to eight rings at the same time.
Your skin changes colour to match your surroundings (Stealth+).
Your rubbery body absorbs attacks. (AC +1, EV +1)
((You are camouflaged when in or above water. (Stealth+)))
You have tentacles for arms and can constrict up to eight enemies at once.


Message History

Duvessa is lightly wounded.
You constrict Duvessa, but do no damage.
You feel very sick.
Duvessa hits you with a +1 short sword of venom!
You are lethally poisoned!
Unknown command.
It was a potion of heal wounds.
You feel much better.
You constrict Duvessa.
You feel very sick.
Duvessa hits you with a +1 short sword of venom!
Duvessa closely misses you.
You tentacle-slap Duvessa.
Duvessa is moderately wounded.
You constrict Duvessa.
You feel very sick.
Duvessa hits you with a +1 short sword of venom!
* * * LOW HITPOINT WARNING * * *
You feel much better.
You constrict Duvessa.
You feel very sick. Duvessa misses you.
You tentacle-slap Duvessa.
Duvessa is moderately wounded.
You constrict Duvessa.
You feel sick.
Duvessa hits you with a +1 short sword of venom!
You are more poisoned.
Duvessa closely misses you.
You tentacle-slap Duvessa but do no damage.
Duvessa is heavily wounded.
You constrict Duvessa.
You feel very sick. Duvessa closely misses you.
You feel much better.
You constrict Duvessa.
You feel very sick.
Duvessa hits you with a +1 short sword of venom!
* * * LOW HITPOINT WARNING * * *
You are lethally poisoned!
Duvessa hits you with a +1 short sword of venom!
* * * LOW HITPOINT WARNING * * *
You are more poisoned.
It was a potion of haste.
You feel yourself speed up.
You constrict Duvessa.
You die...

#######......
........#.###
#########.#
##..# #..##
######.##
#######......#
##.†.)...######
##.h#######
#((.e.# #.#...#
#.#...# #.#(..#
. #.... #
#...#> #...###
#...#


You could see Duvessa (berserk).

Vanquished Creatures
  Eustachio (D:6)
  Edmund (D:5)
  A sky beast (D:6)
  An ogre (D:5)
  A centaur (D:6)
  A kobold brigand (D:7)
  A bullfrog (D:7)
  A scorpion (D:4)
  Dowan (D:7)
  A bombardier beetle (D:5)
  A gnoll bouda (D:5)
  Crazy Yiuf (D:6)
  Ijyb (D:4)
  4 jellies
  3 iguanas
  A sleepcap (D:5)
  Robin (D:3)
  8 gnolls (D:5)
  4 adders
  2 white imps (D:6)
  2 ufetubi (D:7)
  A dart slug (D:3)
  A ribbon worm (D:5)
  2 orcs
  7 ball pythons
  11 endoplasms
  4 giant cockroaches
  12 goblins
  7 hobgoblins
  2 jackals (D:1)
  5 quokkas
  6 bats
  7 frilled lizards
  10 kobolds
  3 rats (D:1)
116 creatures vanquished.

Vanquished Creatures (others)
  A black bear (D:4)
  A hound (D:4)
  A jelly (D:4)
  A kobold (D:4)
4 creatures vanquished.

Grand Total: 120 creatures vanquished

Notes
Turn   | Place    | Note
-------+----------+-------------------------------------------
     0 | D:1      | timneilson the Octopode Shapeshifter began the quest for
                  | the Orb.
     0 | D:1      | Reached XP level 1. HP: 13/13 MP: 1/1
    93 | D:1      | Reached XP level 2. HP: 18/18 MP: 2/2
   156 | D:1      | Found a faded altar of an unknown god.
   180 | D:1      | Reached skill level 1 in Stealth
   219 | D:1      | Reached XP level 3. HP: 20/23 MP: 3/3
   819 | D:2      | Reached XP level 4. HP: 25/29 MP: 4/4
   875 | D:2      | Found Iggiaps's Book Shoppe.
   912 | D:2      | Found a shadowy altar of Dithmenos.
  1171 | D:3      | Noticed Robin
  1207 | D:3      | Reached XP level 5. HP: 34/34 MP: 5/5
  1211 | D:3      | Killed Robin
  1263 | D:3      | Found Sut Cubb's General Store.
  1691 | D:4      | Reached XP level 6. HP: 41/41 MP: 6/6
  1829 | D:4      | Found a shimmering altar of Xom.
  1831 | D:4      | Noticed a black bear
  1844 | D:4      | Killed a black bear
  2184 | D:4      | Noticed Ijyb
  2194 | D:4      | Killed Ijyb
  2535 | D:5      | Entered Level 5 of the Dungeon
  2537 | D:5      | Noticed Edmund
  2546 | D:5      | Killed Edmund
  2547 | D:5      | Reached XP level 7. HP: 18/46 MP: 7/7
  2800 | D:5      | Reached skill level 1 in Evocations
  3232 | D:5      | Identified the +2 robe of Feasting {rElec rN+}
  3247 | D:5      | Found an ornate altar of the Wu Jian Council.
  3247 | D:5      | Found a shimmering blue altar of Sif Muna.
  3535 | D:5      | Found a radiant altar of Vehumet.
  4211 | D:6      | Noticed Eustachio
  4224 | D:6      | Killed Eustachio
  4225 | D:6      | Reached skill level 5 in Unarmed Combat
  4225 | D:6      | Reached XP level 8. HP: 35/54 MP: 8/8
  4370 | D:6      | Reached skill level 5 in Shapeshifting
  4531 | D:6      | Found a runed translucent door.
  4532 | D:6      | Noticed Crazy Yiuf
  4793 | D:6      | Killed Crazy Yiuf
  4980 | D:7      | Noticed Duvessa
  4980 | D:7      | Noticed Dowan
  5007 | D:7      | Reached skill level 5 in Dodging
  5008 | D:7      | Killed Dowan
  5035 | D:7      | Succumbed to Duvessa's poison

Illustrated notes

Levels and vault maps discovered:
D:1:      minmay_arrival_checkered_box, layout_loops_ring,
          shapermc_ecumenical_altar_starsandcircs, st_stairs_11,
          nicolae_concentric_dashed_squares_mild,
          chequers_serial_rivers_small_b, minmay_splitting_lines
D:2:      layout_rooms, serial_shops, nicolae_book_shop_shelving, basic_altar,
          hangedman_feature_mirror
D:3:      layout_rooms, serial_shops, nicolae_shop_tiny_waterfront, uniq_robin
D:4:      kennysheep_six_static_rooms, layout_loops_ring, xom_confusion_cloud,
          uniq_ijyb
D:5:      layout_loops_ring, vehumet_statue,
          chequers_temple_overflow_statue_of_worship, uniq_edmund
D:6:      layout_loops_cross, chequers_avenue, uniq_eustachio,
          uniq_crazy_yiuf_cottage
D:7:      layout_rooms, minmay_temple_entry_waves, uniq_duvessa

Skill      XL: |  1  2  3  4  5  6  7  8 |
---------------+-------------------------+-----
Stealth        | 1 2 3 4 |  4.7
Fighting       | 2 3 4 |  4.7
Dodging        | 3 4 5 |  5.0
Unarmed Combat | 4 5 |  5.5
Shapeshifting  | 4 5 |  5.2
Evocations     | 1 2 |  2.3

Action                     |  1- 3 |  4- 6 |  7- 9 || total
---------------------------+-------+-------+-------++-------
  Melee: Unarmed           |    58 |    99 |    89 ||   246
         Constrict         |    12 |    21 |    21 ||    54
         Tentacles         |     7 |    20 |    18 ||    45
         Punch             |     2 |     2 |     6 ||    10
  Throw: Dart              |       |     5 |    22 ||    27
    Use: Scroll            |     2 |     6 |       ||     8
         Potion            |       |       |     4 ||     4
   Stab: Sleeping          |     4 |    11 |     4 ||    19
         Distracted        |       |       |     1 ||     1
 Armour: Skin              |    15 |    26 |    41 ||    82
  Dodge: Dodged            |    41 |    38 |    47 ||   126

Table legend: (Time is in decaauts)
 A = Elapsed time spent in this place.
 B = Non-inter-level travel time spent in this place.
 C = Inter-level travel time spent in this place.
 D = Time resting spent in this place.
 E = Time spent auto-exploring this place.
 F = Levels seen in this place.
 G = Mean time per level.
                   A        B        C        D        E       F      G
               +--------+--------+--------+--------+--------+-----+--------+
         Total |   5015 |   4752 |    263 |    452 |   3240 |   7 |  716.4 |
       Dungeon |   5015 |   4752 |    263 |    452 |   3240 |   7 |  716.4 |
               +--------+--------+--------+--------+--------+-----+--------+

Top non-repeatable levels by time:
     D:6: 1179 daAuts
     D:4: 1118 daAuts
     D:5: 1042 daAuts
     D:1: 706 daAuts
     D:3: 467 daAuts
     D:2: 392 daAuts
     D:7: 108 daAuts
